[Event "*** SCC Grand Prix: Titled Tuesday Blitz"]
[Site "Chess.com"]
[Date "2020.06.09"]
[Round "2"]
[White "Shahinyan_ChessMood"]
[Black "PowerThinking2650"]
[Result "1-0"]
[WhiteElo "2599"]
[BlackElo "2327"]
[TimeControl "180+1"]
[EndTime "9:20:25 PDT"]
[Termination "Shahinyan_ChessMood won by resignation"]

1. e4 e5 2. Nf3 Nc6 3. Bc4 Nf6 4. d4 exd4 5. O-O Nxe4 6. Re1 d5 7. Bxd5 Qxd5 8.
Nc3 Qa5 9. Nxe4 Be6 10. Neg5 O-O-O 11. Nxe6 fxe6 12. Rxe6 Bd6 13. Qe2 h6 14. Bd2 Qh5 15. Re1 d3 16. Qe4 Nd4 17. cxd3 Nxe6 18. Qxe6+ Kb8 19.
Be3 Rhe8 20. Qc4 a6 21. a4 g5 22. h3 Qg6 23. b4 Qg8 24. Qc3 g4 25. hxg4 Qxg4 26.
Rb1 Rg8 27. Ne1 Qh4 28. Kf1 Qh1+ 29. Ke2 Qh5+ 30. Kd2 Be5 31. Qc5 b6 32. Qc4 Bd6 33.
Qxa6 Qd5 34. a5 Qb7 35. Qc4 b5 36. Qd4 h5 37. a6 Qc6 38. a7+ Ka8 39. Rc1 Qb7 40.
Rb1 Rgf8 41. Qh4 Qd5 42. Nf3 Bf4 43. d4 Bxe3+ 44. fxe3 Qc4 45. Qe4+ Qd5 46. Qxd5+ Rxd5 47. Kd3 Kxa7 48. Rc1 Rdf5 49. Ne5 Kb7 50. Ke4 Rf2 51. Rc5 Kb6 52. Nd7+ Kb7 53. Nxf8 Rxf8 54. Rxb5+ Ka7 55. Rxh5 Rg8 56. Kf3 Rf8+ 57. Kg3 Rg8+ 58. Kh3 Re8 59. Re5 Rh8+ 60. Kg3 Rg8+ 61. Kf3 Rf8+ 62. Ke2 Rb8 63. b5 Rh8 64. Kf3 Rf8+ 65. Ke4 Rg8 66. Kf3 Rf8+ 67.
Kg3 Rg8+ 68. Kh2 Rh8+ 69. Kg1 Rg8 70. Re4 Kb6 71. g4 Kxb5 72. Kf2 Kc4 73. Kg3 Kd3 74.
Re5 c5 75. dxc5 Rc8 76. g5 Rf8 77. Kg4 Rf1 78. g6 Rg1+ 79. Kf5 Rf1+ 80. Ke6 Rg1 81. Kf7 Rf1+ 82. Kg8 Rf5 83. Rxf5 1-0

[Event "*** SCC Grand Prix: Titled Tuesday Blitz"]
[Site "Chess.com"]
[Date "2020.06.09"]
[Round "2"]
[White "Anna_ChessMate"]
[Black "londonkid"]
[Result "1-0"]
[WhiteElo "2522"]
[BlackElo "2302"]
[TimeControl "180+1"]
[EndTime "9:20:27 PDT"]
[Termination "Anna_ChessMate won by resignation"]

1. d4 Nf6 2. c4 e6 3. Nf3 b6 4. g3 Bb7 5. Bg2 Bb4+ 6. Bd2 Bxd2+ 7. Nbxd2 c5 8. d5 exd5 9. Nh4 Qc7 10. O-O O-O 11.
Nf5 d6 12. cxd5 Bxd5 13. Bxd5 Nxd5 14. Ne4 Ne7 15. Nexd6 Nxf5 16. Nxf5 Nc6 17. Qd5 Ne7 18. Nxe7+ Qxe7 19. e3 Rad8 20. Qf3 Rd2 21. b3 h6 22. Rfc1 Rfd8 23. Rc4 Qd6 24. Kg2 Rd1 25. Rxd1 Qxd1 26. Qf4 Qd5+ 27. e4 Qd2 28. Qc7 Qd7 29. Qe5 Re8 30.
Qf4 Qc6 31. f3 b5 32. Rc2 c4 33. bxc4 bxc4 34. Qe3 Rd8 35. Qc3 Rc8 36. Rd2 Qa4 37.
g4 a5 38. Kf2 Qb4 39. Rc2 Qb1 40. Kg2 a4 41. Rb2 Qd3 42. Rc2 Rb8 43. Qxd3 cxd3 44.
Rd2 a3 45. Rxd3 Rb2+ 46. Kg3 Rxa2 47. Rd8+ Kh7 48. Rd7 Kg6 49. Ra7 Ra1 50. h4 a2 51.
h5+ Kf6 52. Kf4 Ke6 53. Ra6+ Ke7 54. e5 Kd7 55. Ra3 Ke7 56. Kf5 Kd7 57. f4 Ke7 58. Ra7+ Ke8 59. e6 fxe6+ 60. Kg6 Rg1 61. Rxa2 Rxg4+ 62. Kh7 Kf7 63. Ra7+ Kf6 64. Ra8 Rxf4 65. Rf8+ Kg5 66.
Re8 Kxh5 67. Kxg7 Re4 68. Kf6 Kg4 69. Rg8+ Kf4 70. Rh8 e5 71. Rxh6 Ke3 72. Rh3+ Kd4 73. Kf5 Rf4+ 74. Kg5 Re4 75. Kf5 Re2 76. Rh4+ e4 77.
Rh8 Ke3 78. Kg4 Rf2 79. Kg3 Ke2 80. Re8 e3 81. Ra8 Kd3 82. Ra3+ Ke2 83. Ra2+ Kd3 84. Rxf2 Ke4 85. Re2 Kd3 86. Kf3 Kd4 87. Rxe3 1-0

[Event "*** SCC Grand Prix: Titled Tuesday Blitz"]
[Site "Chess.com"]
[Date "2020.06.09"]
[Round "2"]
[White "Xeniya2005"]
[Black "fm24601"]
[Result "0-1"]
[WhiteElo "2308"]
[BlackElo "2540"]
[TimeControl "180+1"]
[EndTime "9:20:43 PDT"]
[Termination "fm24601 won by resignation"]

1. e4 e5 2. Nf3 Nc6 3. Nc3 Nf6 4. Bb5 Bd6 5. O-O O-O 6. d3 a6 7. Ba4 b5 8. Bb3 Na5 9. Bg5 h6 10. Bh4 Re8 11. Nd5 Be7 12. Nxe7+ Qxe7 13. Qd2 Nxb3 14. axb3 d6 15. h3 Qe6 16. Kh2 Nh5 17. Bg3 f5 18. exf5 Qxf5 19. Rae1 Bb7 20. Nh4 Qf7 21. Qe2 Nf4 22. Bxf4 Qxf4+ 23. g3 Qf7 24. Ng2 Rf8 25. f4 exf4 26. Nxf4 Rae8 27. Qg4 Rxe1 28. Rxe1 Bc8 29. Qe2 Bd7 30. Qe7 Re8 31. Qxf7+ Kxf7 32. Rf1 Kg8 33. Rf2 Bc6 34. g4 Re1 35. d4 Be4 36.
c3 g5 37. Nh5 Rh1+ 38. Kg3 Rg1+ 39. Kh2 Rh1+ 40. Kg3 Bb7 41. Nf6+ Kg7 42. Nh5+ Kg8 43. Re2 Rf1 44. Kh2 Rf7 45. Ng3 Bd5 46. Nf5 Kh7 47.
Kg3 Bxb3 48. Re8 Bd5 49. Re3 Bc6 50. h4 Bd7 51. hxg5 hxg5 52. Kh3 Bxf5 53. gxf5 Rxf5 54.
Re7+ Kg6 55. Rxc7 Rf2 56. Rc6 Rxb2 57. Rxd6+ Kf5 58. Rxa6 Rc2 59. Rb6 Rxc3+ 60. Kg2 Rb3 61. d5 Kg4 62. d6 Rb2+ 63. Kg1 Kg3 64. Kf1 g4 65. d7 Rd2 66. Rxb5 Rd1+ 67. Ke2 Rxd7 68.
Rg5 Rf7 69. Re5 Kh3 70. Rg5 g3 71. Rg8 Kg2 72. Rg5 Re7+ 73. Kd2 Kf2 74. Rf5+ Kg1 75.
Rg5 g2 76. Rg8 Re5 77. Rg7 Kf2 78. Rf7+ Kg3 79. Rh7 g1=Q 0-1

[Event "*** SCC Grand Prix: Titled Tuesday Blitz"]
[Site "Chess.com"]
[Date "2020.06.09"]
[Round "2"]
[White "NIGWAPO"]
[Black "AtabayevSaparmyrat"]
[Result "0-1"]
[WhiteElo "2549"]
[BlackElo "2796"]
[TimeControl "180+1"]
[EndTime "9:21:23 PDT"]
[Termination "AtabayevSaparmyrat won on time"]

1. g3 e5 2. Bg2 d5 3. d3 Nf6 4.
Bg5 Be6 5. c4 c6 6. cxd5 Bxd5 7.
Nf3 Nbd7 8. Nc3 Be6 9. O-O Be7 10.
a3 O-O 11. b4 h6 12. Bd2 Nd5 13.
Qc2 Rc8 14. e4 Nc7 15. d4 exd4 16. Nxd4 Bf6 17. Be3 Qe7 18. Rad1 Ne5 19. f4 Nc4 20. Bc1 Bg4 21. e5 Bxd1 22. Rxd1 Nxe5 23. fxe5 Bxe5 24. Nf5 Qf6 25. Rf1 Bxc3 26. Nxh6+ gxh6 27. Rxf6 Bxf6 28. Qf5 Bg7 29. Be4 Rfe8 30. Bf4 Ne6 31. Qh7+ Kf8 32. Bd6+ Re7 33. Bf5 Bd4+ 34. Kg2 Rd8 35. Qxh6+ Bg7 36.
Bxe7+ Kxe7 37. Qe3 Bd4 38. Qe4 Bf6 39. Bxe6 Rd2+ 40.
Kf3 fxe6 41. Qh7+ Kd6 42. Qxb7 Rd3+ 43. Kg4 Rxa3 44. b5 cxb5 45. Qxb5 a5 46. Qb6+ Kd5 47.
Qb7+ Kd6 48. Kh5 Ra1 49. Kg6 Bd4 50. Qa6+ Kd5 51. Qb5+ Ke4 52. h4 e5 53. h5 a4 54.
h6 Rg1 55. Qc6+ Kd3 56. Qf3+ Be3 57. h7 e4 58. Qg4 Bd4 59. Kf5 e3 60. Qe4+ Kc3 61.
Qc6+ Kd3 62. Qb5+ Kc3 63. Ke4 Rd1 64. Qc6+ Kb2 65. Qxa4 Rd2 66. Qb5+ Kc3 67. Qc6+ Kb2 68. Qb5+ Kc2 69. Qc4+ Kb2 70. Qf1 e2 71. Qe1 Kc2 72. g4 Bc3 73. Qf2 Rd4+ 74. Kf5 Rd2 75. h8=Q Bxh8 76. Qc5+ Bc3 77. Qf2 Kd1 78. Qf3 Bd4 79. g5 Kc1 80. Qc6+ Kd1 81. Qa4+ Rc2 82. g6 Kc1 83. Qa3+ Bb2 84. Qe3+ Rd2 0-1

[Event "*** SCC Grand Prix: Titled Tuesday Blitz"]
[Site "Chess.com"]
[Date "2020.06.09"]
[Round "3"]
[White "RitvarsReimanis"]
[Black "rugbyclub"]
[Result "1-0"]
[WhiteElo "2489"]
[BlackElo "2117"]
[TimeControl "180+1"]
[EndTime "9:23:11 PDT"]
[Termination "RitvarsReimanis won by resignation"]

1. d4 d5 2. c4 e6 3. Nf3 c6 4. e3 Bd6 5. Nc3 Nd7 6. Bd3 f5 7. cxd5 cxd5 8. Bd2 Ngf6 9. Nb5 Be7 10. Rc1 Rb8 11.
Nc7+ Kf7 12. Ng5+ 1-0

[Event "*** SCC Grand Prix: Titled Tuesday Blitz"]
[Site "Chess.com"]
[Date "2020.06.09"]
[Round "3"]
[White "NateSolon"]
[Black "ecwinslow"]
[Result "1-0"]
[WhiteElo "2521"]
[BlackElo "2241"]
[TimeControl "180+1"]
[EndTime "9:23:12 PDT"]
[Termination "NateSolon won by resignation"]

1. d4 Nf6 2. Bf4 c5 3. d5 d6 4. Nc3 g6 5. e4 Bg7 6. Bb5+ Nbd7 7. a4 O-O 8. Nf3 a6 9. Be2 Ng4 10. Nd2 Rb8 11. Bxg4 1-0

[Event "*** SCC Grand Prix: Titled Tuesday Blitz"]
[Site "Chess.com"]
[Date "2020.06.09"]
[Round "3"]
[White "AtabayevSaparmyrat"]
[Black "Nor1lsk"]
[Result "1/2-1/2"]
[WhiteElo "2792"]
[BlackElo "2596"]
[TimeControl "180+1"]
[EndTime "9:23:14 PDT"]
[Termination "Game drawn by repetition"]

1. e4 c5 2. Nf3 e6 3. d4 cxd4 4.
Nxd4 Nf6 5. Nc3 Nc6 6. Ndb5 Bc5 7. Bf4 O-O 8. Bd6 Qb6 9. Bxc5 Qxc5 10. Qd6 Qb6 11. Qc7 Qc5 12. Qd6 Qb6 13. Qc7 Qc5 14. Qd6 1/2-1/2

[Event "*** SCC Grand Prix: Titled Tuesday Blitz"]
[Site "Chess.com"]
[Date "2020.06.09"]
[Round "3"]
[White "jefferyx"]
[Black "pastouche06"]
[Result "1-0"]
[WhiteElo "2917"]
[BlackElo "2471"]
[TimeControl "180+1"]
[EndTime "9:23:35 PDT"]
[Termination "jefferyx won by resignation"]

1. c4 e6 2. Nc3 Nf6 3. e4 d5 4. e5 d4 5. exf6 dxc3 6. bxc3 Qxf6 7. d4 Nc6 8. Nf3 b6 9. Bd3 Bb7 10. Bg5 Be7 11. Bxf6 Bxf6 12. Be4 O-O 13. Qa4 Na5 14.
Bxb7 Nxb7 15. c5 bxc5 16. Rb1 Nd6 17. dxc5 Nf5 18. O-O h6 19. Rb7 Bxc3 20. Rxc7 a5 21. g4 1-0

[Event "*** SCC Grand Prix: Titled Tuesday Blitz"]
[Site "Chess.com"]
[Date "2020.06.09"]
[Round "3"]
[White "Leonid_Starozhilov"]
[Black "isla88"]
[Result "1-0"]
[WhiteElo "2708"]
[BlackElo "2281"]
[TimeControl "180+1"]
[EndTime "9:23:43 PDT"]
[Termination "Leonid_Starozhilov won by resignation"]

1. e4 c5 2. Nf3 Nc6 3. Bb5 g6 4. O-O Bg7 5. Nc3 e5 6. a3 Nge7 7. b4 cxb4 8. axb4 Nxb4 9. Ba3 Nbc6 10. Bd6 O-O 11. Nd5 Nxd5 12. Bxf8 Bxf8 13. exd5 Nd4 14. Nxd4 exd4 15. d6 Bxd6 16. Qf3 Qh4 17. g3 Qg5 18.
Bc4 Bc7 19. Qxf7+ 1-0

[Event "*** SCC Grand Prix: Titled Tuesday Blitz"]
[Site "Chess.com"]
[Date "2020.06.09"]
[Round "3"]
[White "RobertoJBM"]
[Black "Duhless"]
[Result "0-1"]
[WhiteElo "2726"]
[BlackElo "3054"]
[TimeControl "180+1"]
[EndTime "9:24:01 PDT"]
[Termination "Duhless won by resignation"]

1. d4 g6 2. e4 Bg7 3. Nc3 d6 4. Be3 a6 5. f3 b5 6. Qd2 Nd7 7. a4 b4 8. Nd1 Ngf6 9. Qxb4 c5 10. Qd2 cxd4 11. Bxd4 O-O 12. b3 e5 13. Be3 d5 14.
exd5 e4 15. Rc1 exf3 16. gxf3 Re8 17. Kf2 Ne5 18. Be2 Neg4+ 19. Kf1 Nxe3+ 20. Nxe3 Bh6 21. Rd1 Bxe3 22. Qd3 Nh5 0-1

[Event "*** SCC Grand Prix: Titled Tuesday Blitz"]
[Site "Chess.com"]
[Date "2020.06.09"]
[Round "3"]
[White "Anna_ChessMate"]
[Black "GaboSalazar2001"]
[Result "0-1"]
[WhiteElo "2509"]
[BlackElo "2262"]
[TimeControl "180+1"]
[EndTime "9:24:03 PDT"]
[Termination "GaboSalazar2001 won by resignation"]

1. d4 Nf6 2. c4 c5 3. Nf3 cxd4 4. Nxd4 Nc6 5. Nc2 d5 6. cxd5 Qxd5 7. g3 Qxh1 8. Ne3 Bh3 9. Nc3 e6 10. Qb3 Bc5 11. Qxb7 Rb8 12. Qxc6+ Qxc6 13. Bxh3 Bxe3 14.
Bxe3 Rxb2 15. Rc1 O-O 0-1

[Event "*** SCC Grand Prix: Titled Tuesday Blitz"]
[Site "Chess.com"]
[Date "2020.06.09"]
[Round "3"]
[White "Synctel"]
[Black "SargissyanSargis"]
[Result "0-1"]
[WhiteElo "1910"]
[BlackElo "2303"]
[TimeControl "180+1"]
[EndTime "9:24:05 PDT"]
[Termination "SargissyanSargis won by resignation"]

1. e4 e5 2. Nf3 Nc6 3. Bc4 Bc5 4. c3 Nf6 5. d4 exd4 6. cxd4 Bb4+ 7. Bd2 Nxe4 8. Bxb4 Nxb4 9. Bxf7+ Kxf7 10. Qb3+ d5 11.
Ne5+ Ke6 12. Qxb4 Qf8 13. O-O Qxb4 0-1

[Event "*** SCC Grand Prix: Titled Tuesday Blitz"]
[Site "Chess.com"]
[Date "2020.06.09"]
[Round "3"]
[White "Kolle05"]
[Black "GoValya"]
[Result "1-0"]
[WhiteElo "2376"]
[BlackElo "2173"]
[TimeControl "180+1"]
[EndTime "9:24:09 PDT"]
[Termination "Kolle05 won by resignation"]

1. e4 g6 2. d4 Bg7 3. Nf3 c5 4. dxc5 Qa5+ 5. c3 Qxc5 6. Be3 Qc7 7. Nbd2 Nf6 8. Bd3 Ng4 9. Bg5 Qb6 10. O-O Qxb2 11.
Nc4 Qxc3 12. Rc1 Qb4 13. Nd6+ 1-0

[Event "*** SCC Grand Prix: Titled Tuesday Blitz"]
[Site "Chess.com"]
[Date "2020.06.09"]
[Round "3"]
[White "earling8018"]
[Black "Susal_De_Silva"]
[Result "1/2-1/2"]
[WhiteElo "2064"]
[BlackElo "2375"]
[TimeControl "180+1"]
[EndTime "9:25:01 PDT"]
[Termination "Game drawn by agreement"]

1. d4 Nf6 2. c4 e6 3. Nf3 b6 4. g3 Bb7 5. Bg2 g6 6. O-O Bg7 7. Nc3 Ne4 8. Bd2 O-O 9. Rc1 Nxc3 10. Bxc3 d6 11. Qd3 f5 12. Nd2 Bxg2 13. Kxg2 Nd7 14.
e4 e5 15. exf5 gxf5 16. dxe5 Nxe5 17. Qd5+ Kh8 18. Nf3 f4 19. Nxe5 dxe5 1/2-1/2

[Event "*** SCC Grand Prix: Titled Tuesday Blitz"]
[Site "Chess.com"]
[Date "2020.06.09"]
[Round "3"]
[White "DonBroca"]
[Black "frankshar"]
[Result "0-1"]
[WhiteElo "2181"]
[BlackElo "2378"]
[TimeControl "180+1"]
[EndTime "9:25:03 PDT"]
[Termination "frankshar won by resignation"]

1. e4 c5 2. Nf3 e6 3. d4 cxd4 4. Nxd4 Nf6 5. Nc3 d6 6. g3 Be7 7. Bg2 O-O 8. O-O Nc6 9. h3 a6 10. Be3 Qc7 11. Qd2 Bd7 12. Rad1 Rfd8 13. Rfe1 Rac8 14.
Kh1 Nxd4 15. Bxd4 Bc6 16. Qe3 Nd7 17. f4 e5 18. Ba7 b6 19. fxe5 dxe5 20. Nd5 Bxd5 21.
exd5 Qxa7 22. d6 Bf6 0-1

[Event "*** SCC Grand Prix: Titled Tuesday Blitz"]
[Site "Chess.com"]
[Date "2020.06.09"]
[Round "3"]
[White "ftorodent"]
[Black "Andreikka"]
[Result "1/2-1/2"]
[WhiteElo "2666"]
[BlackElo "2901"]
[TimeControl "180+1"]
[EndTime "9:25:15 PDT"]
[Termination "Game drawn by repetition"]

1. d4 Nf6 2. c4 e6 3. Nf3 d5 4. Nc3 Be7 5. Bg5 O-O 6. e3 h6 7. Bh4 Nbd7 8. cxd5 Nxd5 9. Bxe7 Qxe7 10. Rc1 c6 11.
Bc4 Nxc3 12. Rxc3 b6 13. O-O Bb7 14. Qe2 Rac8 15. Rfc1 c5 16. Ba6 Bxa6 17. Qxa6 Rc7 18.
b4 Rfc8 19. bxc5 bxc5 20. Qa3 Qd8 21. Qa5 Qe7 22. Qa3 Qd8 23. Qa5 Qe7 24. Qa3 1/2-1/2

[Event "*** SCC Grand Prix: Titled Tuesday Blitz"]
[Site "Chess.com"]
[Date "2020.06.09"]
[Round "3"]
[White "Raja3401"]
[Black "chesstrainer2042"]
[Result "1-0"]
[WhiteElo "2815"]
[BlackElo "2465"]
[TimeControl "180+1"]
[EndTime "9:25:17 PDT"]
[Termination "Raja3401 won by resignation"]

1. e4 c5 2. Nf3 Nc6 3. Bb5 g6 4.
O-O Bg7 5. Bxc6 dxc6 6. d3 Nf6 7. h3 Nd7 8. Nc3 e5 9. Be3 b6 10. Qd2 Qe7 11. Bh6 f6 12. a4 a5 13. Nh2 Nf8 14. Bxg7 Qxg7 15. f4 Nd7 16. Ng4 exf4 17. Qxf4 O-O 18.
Qd6 Bb7 19. Rf2 Rf7 20. Raf1 Raf8 21. e5 Nxe5 22. Nxf6+ 1-0

[Event "*** SCC Grand Prix: Titled Tuesday Blitz"]
[Site "Chess.com"]
[Date "2020.06.09"]
[Round "3"]
[White "Panterov"]
[Black "Boninknights"]
[Result "1-0"]
[WhiteElo "2149"]
[BlackElo "2340"]
[TimeControl "180+1"]
[EndTime "9:25:20 PDT"]
[Termination "Panterov won by resignation"]

1. e4 Nc6 2. d4 e5 3. Nf3 exd4 4. Nxd4 Bc5 5. Nf5 d5 6. Nxg7+ Kf8 7. Nh5 dxe4 8.
Qxd8+ Nxd8 9. Nc3 f5 10. Bc4 Be6 11. Bb3 Bxb3 12. axb3 Ne6 13. O-O Kf7 14. Nf4 Nf6 15. Nxe6 Kxe6 16. Bg5 Rhd8 17. Rad1 Rxd1 18. Rxd1 a5 19.
Bxf6 Kxf6 20. Nd5+ Ke5 21. Nxc7 1-0

[Event "*** SCC Grand Prix: Titled Tuesday Blitz"]
[Site "Chess.com"]
[Date "2020.06.09"]
[Round "3"]
[White "NidjatMamedov"]
[Black "ChessWarrior7197"]
[Result "0-1"]
[WhiteElo "2676"]
[BlackElo "2942"]
[TimeControl "180+1"]
[EndTime "9:25:29 PDT"]
[Termination "ChessWarrior7197 won by resignation"]

1. e4 c5 2. Nf3 d6 3. d4 cxd4 4. Nxd4 Nf6 5. Nc3 a6 6. f3 e5 7. Nb3 Be6 8. Be3 h5 9. Be2 Nbd7 10. O-O Be7 11. a4 O-O 12. a5 Rc8 13. Nd5 Nxd5 14. exd5 Bf5 15. c4 Bg6 16. Nd2 Bg5 17. Bf2 f5 18. b4 e4 19. fxe4 fxe4 20. Nb3 Qe7 21. Nd4 Rxf2 22. Rxf2 Be3 23. Ne6 Qf6 0-1

[Event "*** SCC Grand Prix: Titled Tuesday Blitz"]
[Site "Chess.com"]
[Date "2020.06.09"]
[Round "3"]
[White "PavelShkapenko"]
[Black "elamier"]
[Result "1-0"]
[WhiteElo "2680"]
[BlackElo "2110"]
[TimeControl "180+1"]
[EndTime "9:25:31 PDT"]
[Termination "PavelShkapenko won by resignation"]

1. e4 c5 2. c3 Nf6 3. e5 Nd5 4.
d4 cxd4 5. cxd4 Nb6 6. Nc3 d5 7. Bd3 Nc6 8. Be3 g6 9. Nge2 Bg7 10. Rc1 O-O 11. h4 f6 12. exf6 exf6 13. h5 Bg4 14. hxg6 hxg6 15. Bxg6 Ne7 16. Bh5 Bxh5 17. Rxh5 Kf7 18.
Nf4 Rh8 19. Qg4 Qc8 20. Qf3 Qe6 21. Nxe6 1-0

[Event "*** SCC Grand Prix: Titled Tuesday Blitz"]
[Site "Chess.com"]
[Date "2020.06.09"]
[Round "3"]
[White "AcsinteMatei"]
[Black "NM2019"]
[Result "1-0"]
[WhiteElo "2323"]
[BlackElo "2022"]
[TimeControl "180+1"]
[EndTime "9:25:43 PDT"]
[Termination "AcsinteMatei won by resignation"]

1. d4 e6 2. Bf4 f5 3. h4 Nf6 4. h5 b6 5. Nd2 Bb7 6. f3 d6 7. e3 Nbd7 8. Bc4 Qe7 9. Ne2 e5 10.
Bg5 h6 11. Bh4 O-O-O 12. c3 d5 13. Bb5 c6 14. Ba4 c5 15. Qb3 c4 16. Qc2 e4 17. O-O-O a6 18. Bxd7+ Rxd7 19. Nf4 Rg8 20. Nf1 exf3 21. gxf3 Kb8 22. Qxf5 Qd6 23. Qe5 Rd8 24. Ng3 Re8 25. Bxf6 gxf6 26. Qxe8+ 1-0

[Event "*** SCC Grand Prix: Titled Tuesday Blitz"]
[Site "Chess.com"]
[Date "2020.06.09"]
[Round "3"]
[White "alexsergeyev"]
[Black "SoltaniciR"]
[Result "1-0"]
[WhiteElo "2352"]
[BlackElo "2485"]
[TimeControl "180+1"]
[EndTime "9:25:46 PDT"]
[Termination "alexsergeyev won by resignation"]

1. d4 Nf6 2. c4 Nc6 3. Nf3 e6 4. g3 Bb4+ 5. Nbd2 d6 6. Bg2 O-O 7. O-O Bxd2 8. Qxd2 a5 9. b3 Qe7 10. Bb2 e5 11. c5 e4 12. cxd6 cxd6 13. Ne1 d5 14. Nc2 Be6 15. Ba3 Qd7 16. Bxf8 Rxf8 17. b4 Bh3 18. b5 Ne7 19. Qxa5 h5 20. Ne3 h4 21. Rac1 Bxg2 22. Kxg2 Ng4 23. Qc7 Nxe3+ 24.
fxe3 Qe6 25. Qe5 1-0

[Event "*** SCC Grand Prix: Titled Tuesday Blitz"]
[Site "Chess.com"]
[Date "2020.06.09"]
[Round "3"]
[White "andriipalchuk"]
[Black "Aradej"]
[Result "1-0"]
[WhiteElo "2210"]
[BlackElo "2491"]
[TimeControl "180+1"]
[EndTime "9:25:53 PDT"]
[Termination "andriipalchuk won by resignation"]

1. e4 d6 2. d4 Nf6 3. Nc3 e5 4. Nf3 Nbd7 5. Bc4 Be7 6. O-O O-O 7. Bg5 c6 8. dxe5 dxe5 9. a4 h6 10. Bh4 Re8 11. Qe2 Qc7 12. a5 Nf8 13. Bg3 Ng6 14. Bb3 Nh5 15. Nxe5 Nxg3 16. Bxf7+ Kf8 17. fxg3 Nxe5 18.
Bxe8+ Kxe8 19. Qh5+ g6 20. Qxh6 Be6 21. Qh8+ Kd7 22.
Rad1+ 1-0

[Event "*** SCC Grand Prix: Titled Tuesday Blitz"]
[Site "Chess.com"]
[Date "2020.06.09"]
[Round "3"]
[White "Benjoneliere44"]
[Black "Ariadna_Atreides"]
[Result "1-0"]
[WhiteElo "2476"]
[BlackElo "1961"]
[TimeControl "180+1"]
[EndTime "9:25:54 PDT"]
[Termination "Benjoneliere44 won by resignation"]

1. e4 c5 2. Nc3 Nc6 3. f4 d6 4. Nf3 g6 5. Bc4 Bg7 6. O-O e6 7. d3 Nge7 8. Qe1 O-O 9. f5 exf5 10. Qh4 Nd4 11. Bg5 Re8 12. Nd5 Ndc6 13. Nf6+ Bxf6 14. Bxf6 h5 15. Qg5 Kh7 16. Bxf7 Qd7 17. Nh4 Ne5 18. Bxe8 Qxe8 19. Bxe7 1-0

[Event "*** SCC Grand Prix: Titled Tuesday Blitz"]
[Site "Chess.com"]
[Date "2020.06.09"]
[Round "3"]
[White "Jungle_Jaguar"]
[Black "CyberneticLion"]
[Result "1-0"]
[WhiteElo "2609"]
[BlackElo "2406"]
[TimeControl "180+1"]
[EndTime "9:25:56 PDT"]
[Termination "Jungle_Jaguar won by resignation"]

1. e4 e5 2. Nf3 Nc6 3. Bb5 Nge7 4.
c3 g6 5. O-O Bg7 6. d4 exd4 7.
cxd4 a6 8. Ba4 b5 9. Bc2 O-O 10. Nc3 d6 11. Bg5 h6 12. Be3 Na5 13. b3 Bb7 14.
Qd2 Rc8 15. Bxh6 c5 16. Bxg7 Kxg7 17. d5 f6 18. Ne2 Qb6 19. Nf4 Kf7 20. Ne6 Rh8 21.
Qf4 Ng8 22. Rad1 Re8 23. e5 f5 24. exd6 Nf6 25. Ne5+ 1-0

[Event "*** SCC Grand Prix: Titled Tuesday Blitz"]
[Site "Chess.com"]
[Date "2020.06.09"]
[Round "3"]
[White "kingmonkey2006"]
[Black "ChelsieMonica"]
[Result "1-0"]
[WhiteElo "2568"]
[BlackElo "2371"]
[TimeControl "180+1"]
[EndTime "9:25:56 PDT"]
[Termination "kingmonkey2006 won by checkmate"]

1. e4 e5 2. Nf3 Nc6 3. Bb5 a6 4. Ba4 Nf6 5. O-O b5 6. Bb3 Be7 7. d3 O-O 8. a4 Bb7 9. Nc3 Nd4 10. Nxe5 Nxb3 11. cxb3 b4 12. Ne2 d5 13. f3 Bd6 14.
Bf4 Nh5 15. d4 Nxf4 16. Nxf4 dxe4 17. fxe4 Bxe4 18. Qe2 Bxe5 19. dxe5 Qd4+ 20. Kh1 Qxe5 21. Rae1 f5 22. Qc4+ Kh8 23. Re3 Qxb2 24. Ng6+ hxg6 25. Rh3# 1-0

[Event "*** SCC Grand Prix: Titled Tuesday Blitz"]
[Site "Chess.com"]
[Date "2020.06.09"]
[Round "3"]
[White "Logman74"]
[Black "Roza_Idrisova"]
[Result "0-1"]
[WhiteElo "2357"]
[BlackElo "2188"]
[TimeControl "180+1"]
[EndTime "9:26:04 PDT"]
[Termination "Roza_Idrisova won by checkmate"]

1. e4 c6 2. d4 d5 3. exd5 cxd5 4. c4 Nf6 5. Nc3 Nc6 6. Nf3 Bg4 7. cxd5 Nxd5 8.
Qb3 Bxf3 9. gxf3 e6 10. Qxb7 Nxd4 11. Bb5+ Nxb5 12. Qc6+ Ke7 13. Qxb5 f6 14. Nxd5+ Qxd5 15. Qxd5 exd5 16. Be3 Ke6 17. O-O-O Rc8+ 18. Kb1 Bc5 19. Rhe1 Bxe3 20. Rxe3+ Kd6 21. Red3 Rc5 22. a4 Rb8 23. Ka2 a5 24. Ka3 Rb4 25. b3 Rh4 26. Rg1 g6 27. Rg2 d4 28. b4 axb4+ 29. Kxb4 Kd5 30. a5 Rc4+ 31. Kb5 Rc2 32. a6 Rb2+ 33. Ka5 Kc4 34. Rd1 Rh5+ 35. Ka4 Ra2# 0-1

[Event "*** SCC Grand Prix: Titled Tuesday Blitz"]
[Site "Chess.com"]
[Date "2020.06.09"]
[Round "3"]
[White "lachesisQ"]
[Black "kushagramohan"]
[Result "1-0"]
[WhiteElo "3045"]
[BlackElo "2724"]
[TimeControl "180+1"]
[EndTime "9:26:10 PDT"]
[Termination "lachesisQ won by resignation"]

1. d4 Nf6 2. c4 g6 3. Nc3 Bg7 4. e4 d6 5. Nf3 O-O 6. h3 c5 7. d5 e6 8. Bd3 exd5 9. exd5 Re8+ 10. Be3 Nbd7 11. O-O a6 12. Qd2 Nh5 13. Rfe1 Ne5 14. Nxe5 Bxe5 15. Bg5 Qc7 16. Re2 Bd7 17. Rae1 Rab8 18.
g4 Ng7 19. Ne4 f5 20. Nf6+ Bxf6 21. Bxf6 fxg4 22. Qh6 Nh5 23. Re7 1-0

[Event "*** SCC Grand Prix: Titled Tuesday Blitz"]
[Site "Chess.com"]
[Date "2020.06.09"]
[Round "3"]
[White "Ceejay271"]
[Black "AliKa2810"]
[Result "0-1"]
[WhiteElo "2394"]
[BlackElo "2587"]
[TimeControl "180+1"]
[EndTime "9:26:10 PDT"]
[Termination "AliKa2810 won by resignation"]

1. d4 Nf6 2. c4 g6 3. Nc3 Bg7 4.
e4 d6 5. Nf3 O-O 6. Be2 e5 7.
d5 a5 8. Bg5 Na6 9. Nd2 Nc5 10.
g4 c6 11. h4 Qb6 12. Qc2 Bxg4 13. Bxg4 Nxg4 14. Be7 Rfe8 15. Bxd6 Nxf2 16. Kxf2 Nxe4+ 17. Ke1 Qf2+ 18. Kd1 Nxd6 19. Rf1 Qxh4 20. c5 Nf5 21. d6 Ne3+ 0-1

[Event "*** SCC Grand Prix: Titled Tuesday Blitz"]
[Site "Chess.com"]
[Date "2020.06.09"]
[Round "3"]
[White "chessdjw"]
[Black "LizaSolovyova"]
[Result "1-0"]
[WhiteElo "2733"]
[BlackElo "2530"]
[TimeControl "180+1"]
[EndTime "9:26:16 PDT"]
[Termination "chessdjw won by resignation"]

1. e4 e5 2. Nf3 d6 3. d4 Qe7 4.
Nc3 c6 5. Bc4 h6 6. O-O Nf6 7.
a4 a5 8. h3 g5 9. Re1 g4 10.
hxg4 Bxg4 11. Be3 Rg8 12. Be2 Bh3 13. g3 Nbd7 14. dxe5 dxe5 15. Nh4 Nxe4 16. Nxe4 Qxh4 17. Qd3 O-O-O 18. Qc4 Be6 19. Nd6+ Bxd6 20. Qxh4 f5 21. Qxh6 Rde8 22. Bh5 Re7 23. Bg5 Reg7 24. Bh4 Nf8 25.
Rad1 Bc5 26. Rxe5 1-0

[Event "*** SCC Grand Prix: Titled Tuesday Blitz"]
[Site "Chess.com"]
[Date "2020.06.09"]
[Round "3"]
[White "AGW2016"]
[Black "aakankshachess"]
[Result "1-0"]
[WhiteElo "2247"]
[BlackElo "2429"]
[TimeControl "180+1"]
[EndTime "9:26:26 PDT"]
[Termination "AGW2016 won by resignation"]

1. e4 c5 2. c3 Nc6 3. d4 cxd4 4.
cxd4 d5 5. exd5 Qxd5 6. Nf3 Bg4 7. Be2 Nf6 8. Nc3 Qh5 9. Be3 e6 10. O-O Bd6 11. h3 Bxf3 12. Bxf3 Qg6 13. d5 exd5 14. Nxd5 Nxd5 15. Bxd5 O-O 16. Rc1 Rad8 17. Qb3 Ne7 18. Rfd1 Nf5 19. Be4 Qf6 20. Bxf5 Qxf5 21. Qxb7 Qe5 22. g3 Qe6 23. Kg2 Rb8 24. Qf3 Rxb2 25.
Rc6 Qxa2 26. Rcxd6 a5 27. Rd8 1-0